 Dungeon Crawl Stone Soup version 0.20.1-1-g8b1a95d (webtiles) character file.

239 Linguinho the Sneak (level 5, 0/38 HPs)
             Began as a Demonspawn Assassin on Oct 29, 2017.
             Slain by an orc
             ... wielding a +2 short sword of electrocution
              (10 damage)
             ... on level 3 of the Dungeon.
             The game lasted 00:07:35 (2588 turns).

Linguinho the Sneak (Demonspawn Assassin)           Turns: 2588, Time: 00:07:36

Health: 0/38       AC:  3    Str: 11    XL:     5   Next: 79%
Magic:  5/5        EV: 12    Int: 12    God:
Gold:   152        SH:  0    Dex: 16    Spells: 4/4 levels left

rFire    . . .     SeeInvis .   a - +2 dagger
rCold    . . .     Gourm    .   (no shield)
rNeg     . . .     Faith    .   c - +0 robe
rPois    .         Spirit   .   (helmet restricted)
rElec    .         Reflect  .   d - +0 cloak
rCorr    .         Harm     .   (no gloves)
MR       .....                  (no boots)
Stlth    ++++......             (no amulet)
Regen    0.2/turn               (no ring)
MPRegen  0.1/turn               (no ring)

@: no status effects
A: horns 1, demonic guardian 1, nightstalker 1
a: no special abilities


You were on level 3 of the Dungeon.
You were not hungry.

You visited 1 branch of the dungeon, and saw 3 of its levels.
You also visited: Sewer.

You collected 152 gold pieces.

Inventory:

Hand Weapons
 a - a +2 dagger (weapon)
 b - a +0 blowgun
 g - a cursed +0 short sword
 z - a +0 short sword
 A - a +0 dagger
Missiles
 e - 25 poisoned needles
 f - 2 curare-tipped needles
Armour
 c - a +0 robe (worn)
 d - a +0 cloak (worn)
 x - a scarf of spirit shield
 y - a +0 leather armour
Jewellery
 j - an uncursed ring of protection from magic {unknown}
Scrolls
 h - 3 scrolls of identify {unknown}
 k - a scroll of fog {unknown}
 m - a scroll of recharging {unknown}
 n - a scroll of fear {unknown}
 o - a scroll of amnesia {unknown}
 p - a scroll of teleportation {unknown}
 t - 3 scrolls of remove curse {unknown}
 u - a scroll of blinking {unknown}
 w - a scroll of enchant armour {unknown}
 E - a scroll of magic mapping {unknown}
Potions
 i - 3 potions of curing {unknown}
 l - 3 potions of lignification {unknown}
 r - a potion of invisibility {unknown}
 s - a potion of agility {unknown}
 B - 3 potions of flight {unknown}
 C - 3 potions of heal wounds {unknown}
Comestibles
 q - 10 fruits
 v - a royal jelly
 D - a meat ration


   Skills:
 - Level 2.0 Fighting
 + Level 3.3 Short Blades
 - Level 1.9 Throwing
 - Level 0.8 Dodging
 + Level 6.0 Stealth


You had 4 spell levels left.
You didn't know any spells.

Dungeon Overview and Level Annotations

Branches:
Dungeon (3/15)

Altars:
Nemelex Xobeh
Sif Muna


Innate Abilities, Weirdness & Mutations

You have a pair of small horns on your head.
A weak demonic guardian rushes to your aid.
You are slightly more attuned to the shadows.


Message History

The orc barely misses you.
You barely miss the orc. You headbutt the orc, but do no damage.
The orc is heavily wounded.
Your ufetubus barely misses the orc.
Your ufetubus hits the orc but does no damage.
The orc misses you.
The orc completely misses your ufetubus.
Your ufetubus hits the orc.
Your ufetubus barely misses the orc.
Your ufetubus hits the orc but does no damage.
Your ufetubus barely misses the orc.
The orc closely misses your ufetubus. The orc hits you but does no damage.
The orc hits you with a short sword of electrocution.
* * * LOW HITPOINT WARNING * * *
You swap places.
Your ufetubus hits the orc.
The orc dies!
The orc hits you but does no damage.
You swap places.
Your ufetubus hits the orc. x3
Your ufetubus closely misses the orc.
The orc hits you but does no damage.
You are electrocuted!
You die...

≈≈≈≈≈≈≈≈# # ######..#
.... .. ≈≈≈≈≈≈.†#
#######...## ##.#
≈≈...≈.## ...........
..... ≈≈≈≈≈≈##
....>#...### ###.#
######### .....#...
≈≈≈≈≈≈≈≈## #).##.#
≈≈...≈.≈.# #5)...#
######### ######≈≈.#
#@o.####........##
.......#.#
#........##.......
######.#.#
#........##.###.## #
#.#.# # #......$[#
#.# # #.#.#
#.#..(####.# #)# #
#.#.# #.....# ##.#
#.# # #.#.#
####..####.##.# #.#
#### #.#)#
#........#.# #.# ...#
#.#########.......#.#
#.#


You could see an orc and a friendly ufetubus.

Vanquished Creatures
  A big kobold (Sewer)
  2 orc wizards (D:3)
  3 gnolls (D:2)
  3 adders
  A river rat (Sewer)
  3 worms
  7 leopard geckos
  5 orcs (D:3)
  11 giant cockroaches
  8 goblins
  5 hobgoblins
  A jackal (Sewer)
  2 ball pythons
  3 bats
  A frilled lizard (D:2)
  5 kobolds
  8 rats
69 creatures vanquished.

Vanquished Creatures (collateral kills)
  3 orcs (D:3)
  2 goblins (D:2)
  A jackal (Sewer)
  3 kobolds
9 creatures vanquished.

Grand Total: 78 creatures vanquished

Notes
Turn   | Place    | Note
-------+----------+-------------------------------------------
     0 | D:1      | Linguinho the Demonspawn Assassin began the quest for the Orb.
     0 | D:1      | Reached XP level 1. HP: 16/16 MP: 1/1
   114 | D:1      | Gained mutation: A weak demonic guardian rushes to your aid. [demonic ancestry]
   114 | D:1      | Reached XP level 2. HP: 14/22 MP: 2/2
   179 | D:1      | Reached skill level 4 in Stealth
   609 | D:2      | Found a sparkling altar of Nemelex Xobeh.
   637 | D:2      | Gained mutation: You have a pair of small horns on your head. [demonic ancestry]
   637 | D:2      | Reached XP level 3. HP: 24/27 MP: 3/3
  1059 | D:2      | Reached skill level 5 in Stealth
  1156 | D:2      | Reached XP level 4. HP: 33/33 MP: 4/4
  1211 | D:2      | Found a deep blue altar of Sif Muna.
  1312 | D:2      | You fall through a shaft!
  1761 | D:3      | Gained mutation: You are slightly more attuned to the shadows. [demonic ancestry]
  1761 | D:3      | Reached XP level 5. HP: 22/38 MP: 5/5
  1785 | D:3      | Found a glowing drain.
  1797 | Sewer    | Entered a sewer
  2313 | Sewer    | Found a white marble altar of Elyvilon.
  2577 | D:3      | Reached skill level 6 in Stealth
  2588 | D:3      | Slain by an orc

Skill      XL: |  1  2  3  4  5 |
---------------+----------------+-----
Stealth        | 4 5 6 |  6.0
Short Blades   | 2 3 |  3.3
Fighting       | |  2.0
Throwing       | |  1.9
Dodging        | |  0.8

Action                   |  1- 3 |  4- 6 || total
-------------------------+-------+-------++-------
Melee: Dagger            |    98 |   136 ||   234
       Headbutt          |     5 |    20 ||    25
 Stab: Sleeping          |     2 |     4 ||     6
       Distracted        |     1 |     2 ||     3
  Eat: Chunk             |       |     3 ||     3
       Bread ration      |       |     1 ||     1
Armor: Robe              |    26 |    24 ||    50
Dodge: Dodged            |    59 |    79 ||   138
